 Dungeon Crawl Stone Soup version 0.20.1-1-g8b1a95d (webtiles) character file.

83 Crag the Insei (level 4, -19/38 HPs)
             Began as a Naga Transmuter on July 23, 2017.
             Demolished by a kobold
             ... wielding a +0 whip of electrocution
              (20 damage)
             ... on level 2 of the Dungeon.
             The game lasted 00:09:06 (2015 turns).

Crag the Insei (Naga Transmuter)                    Turns: 2015, Time: 00:09:09

Health: -19/38     AC:  2    Str: 12    XL:     4   Next: 44%
Magic:  0/7        EV: 10    Int: 13    God:
Gold:   66         SH:  0    Dex: 13    Spells: 6/7 levels left

rFire    . . .     SeeInvis +     - Unarmed
rCold    . . .     Gourm    .   (no shield)
rNeg     . . .     Faith    .   b - +0 robe
rPois    +         Spirit   +   (no helmet)
rElec    .         Reflect  .   (no cloak)
rCorr    .         Harm     .   (no gloves)
MR       .....                  (no barding)
Stlth    +.........             i - amulet of guardian spirit
Regen    0.2/turn               (no ring)
MPRegen  0.1/turn               (no ring)

@: appendage (expiring), very slow
A: horns 2, see invisible, deformed body, poison resistance, slowness 2, slow
metabolism 1, spit poison 1, AC +1
a: Spit Poison, End Transformation


You were on level 2 of the Dungeon.
You were not hungry.
You had grown temporary horns.
You visited 1 branch of the dungeon, and saw 2 of its levels.

You collected 66 gold pieces.

Inventory:

Missiles
 a - 35 arrows
 l - 67 stones (quivered)
Armour
 b - a +0 robe (worn)
Jewellery
 i - an amulet of guardian spirit (around neck)
Scrolls
 e - 6 scrolls of identify {unknown}
 j - a scroll of enchant armour {unknown}
 k - a scroll of enchant weapon {unknown}
Potions
 f - a potion of heal wounds {unknown}
 h - 2 potions of curing {unknown}
 n - a potion of resistance {unknown}
Books
 c - a book of Changes

   Spells                             Type                      Level
   a - Beastly Appendage              Transmutation                1
   b - Sticks to Snakes               Transmutation                2
   c - Spider Form                    Transmutation/Poison         3
   d - Ice Form                       Ice/Transmutation            4
   e - Blade Hands                    Transmutation                5
Comestibles
 d - a bread ration
 g - a meat ration
 m - a royal jelly


   Skills:
 - Level 1.0 Fighting
 - Level 1.5 Dodging
 + Level 5.1 Unarmed Combat
 - Level 2.0 Spellcasting
 - Level 2.0 Transmutations


You had 6 spell levels left.
You knew the following spells:

 Your Spells              Type           Power        Failure   Level  Hunger
a - Beastly Appendage     Tmut           #.....       11%         1    ##.....


Dungeon Overview and Level Annotations

Branches:
Dungeon (2/15)

Altars:


Innate Abilities, Weirdness & Mutations

You cannot wear boots.
Your serpentine skin is tough. (AC +1)
You have supernaturally acute eyesight. (SInv)
Armour fits poorly on your strangely shaped body.
Your system is resistant to poisons. (rPois)
You cover ground very slowly.
You have a slow metabolism.
You can spit poison.
You have a pair of horns on your head.


Message History

Your transformation is almost over.
The kobold hits you but does no damage.
You hit the kobold but do no damage.
You headbutt the kobold, but do no damage.
The kobold hits you with a whip of electrocution.
You are electrocuted!
You closely miss the kobold.
The kobold hits you with a whip of electrocution.
You are electrocuted!
* * * LOW HITPOINT WARNING * * *
You hit the kobold but do no damage.
The kobold hits you with a whip of electrocution!
* * * LOW HITPOINT WARNING * * *
You hit the kobold but do no damage.
You headbutt the kobold, but do no damage.
The kobold hits you with a whip of electrocution.
* * * LOW HITPOINT WARNING * * *
You are electrocuted!
Ouch! That really hurt!
You die...

##..# #.#...###.##.#.# #.#)..#
##### #.........##.#.#####...#
# 8
#######..........#.........# #
#
#..............|....#####..###
#
##.######....................#
# #....#
##............####..### #
#....# #....#######.......... #
#....# #..................### #
#....# #.###@######..###..# # #
#..>.# #....K.# #.........# # #
#....#####......###.#..###..###
#
#).....................###.....
#
#....######.....#.......##..###
#....# ####.##.#.##..##..###
###### #...##..............
#.#.####.##...##.### #.#..#
#.##...##.# #


You could see a kobold.

Vanquished Creatures
  2 adders (D:2)
  2 oozes
  2 dart slugs (D:1)
  3 leopard geckos
  2 ball pythons
  6 bats
  4 giant cockroaches (D:1)
  5 goblins
  7 hobgoblins
  5 kobolds
  A quokka (D:2)
  2 frilled lizards
  5 rats
46 creatures vanquished.

Notes
Turn   | Place    | Note
-------+----------+-------------------------------------------
     0 | D:1      | Crag the Naga Transmuter began the quest for the Orb.
     0 | D:1      | Reached XP level 1. HP: 18/18 MP: 3/3
    69 | D:1      | Reached XP level 2. HP: 21/25 MP: 3/5
   288 | D:1      | Reached skill level 4 in Unarmed Combat
   307 | D:1      | Reached XP level 3. HP: 31/31 MP: 6/6
  1129 | D:2      | Reached XP level 4. HP: 38/38 MP: 7/7
  1360 | D:2      | Reached skill level 5 in Unarmed Combat
  2015 | D:2      | HP: 1/38 [kobold/whip of electrocution (2)]
  2015 | D:2      | Demolished by a kobold

Skill      XL: |  1  2  3  4 |
---------------+-------------+-----
Unarmed Combat | 4 5 |  5.1
Fighting       | |  1.0
Dodging        | |  1.5
Spellcasting   | |  2.0
Transmutations | |  2.0

Action                   |  1- 3 |  4- 6 || total
-------------------------+-------+-------++-------
Melee: Unarmed           |    48 |    34 ||    82
       Headbutt          |     6 |     6 ||    12
       Punch             |     1 |       ||     1
 Cast: Beastly Appendage |    14 |    10 ||    24
 Abil: Spit Poison       |    25 |    11 ||    36
  Eat: Chunk             |     1 |     4 ||     5
Armor: Robe              |     8 |     7 ||    15
Dodge: Dodged            |    32 |    16 ||    48
